Map: Eternal Empire LE

Players

BerryRAWR - Winner!

  • Race: Terran Terran
  • League: Grandmaster
  • Spawn Location: 7:00

Pinky

  • Race: Terran Terran
  • League: Master
  • Spawn Location: 1:00

VOD

Have the link to the VOD?

Description

Time

  • Played on: Feb. 29, 2020, 2:05 a.m.
  • Length: 16:52
Show
View Real Time Build Order
Export as new Build Order

BerryRAWR Terran - Winner!

Build Orders:  

Get SALT Encoding   

  12  0:01  SCV  
  13  0:13  SCV  
  14  0:18  Supply Depot  
  14  0:25  SCV  
  15  0:30  Refinery  
  15  0:40  SCV  
  16  0:45  Barracks  
  16  0:52  SCV  
  17  0:58  Refinery  
  17  1:04  SCV  
  18  1:16  SCV  
  20  1:34  Orbital Command, Reaper  
  20  1:40  Factory  
  20  1:51  Supply Depot  
  21  2:01  SCV  
  21  2:06  Reaper  
  22  2:13  SCV  
  23  2:24  Hellion  
  23  2:25  SCV  
  26  2:41  Reaper  
  25  2:45  Hellion  
  27  2:51  SCV  
  27  3:07  Hellion  
  28  3:13  Reaper  
  28  3:15  SCV  
  27  3:27  SCV  
  28  3:39  SCV  
  27  3:47  Command Center  
  27  3:51  SCV  
  28  4:04  SCV  
  28  4:06  Supply Depot  
  29  4:16  SCV  
  30  4:18  Barracks Reactor, Factory Tech Lab  
  30  4:20  Starport  
  29  4:28  SCV  
  29  4:30  Ghost Academy  
  30  4:36  Cyclone  
  33  4:40  SCV  
  34  4:45  Supply Depot  
  34  4:52  SCV  
  37  5:02  Starport Tech Lab  
  37  5:04  SCV  
  37  5:07  Orbital Command  
  36  5:15  Hellion x2  
  36  5:16  SCV  
  39  5:28  SCV  
  39  5:31  Orbital Command  
  39  5:33  Personal Cloaking  
  40  5:40  SCV, Refinery  
  40  5:42  Refinery, Unknown  
  41  5:43  Hellion x2  
  45  5:52  SCV  
  46  6:01  SCV  
  44  6:05  SCV, Bunker  
  44  6:08  Engineering Bay  
  45  6:12  Hellion  
  45  6:13  Hellion  
  51  6:18  SCV  
  51  6:19  SCV  
  53  6:30  SCV, Supply Depot  
  53  6:31  SCV  
  53  6:32  Banshee  
  58  6:35  Missile Turret  
  58  6:38  Missile Turret  
  58  6:42  SCV, Unknown  
  58  6:43  SCV  
  62  6:59  Hellion x2, Nuke  
  63  7:06  SCV x2  
  55  7:20  Unknown  
  54  7:27  SCV x2  
  49  7:32  Hellion  
  39  7:39  SCV  
  39  7:40  SCV  
  39  7:41  Hellion  
  33  7:52  SCV  
  33  7:53  Widow Mine  
  33  7:55  Raven  
  37  8:02  Widow Mine  
  36  8:13  SCV  
  37  8:22  Hellion  
  37  8:23  SCV, Unknown  
  37  8:24  Hellion  
  37  8:25  SCV  
  43  8:35  SCV  
  43  8:37  SCV  
  47  8:47  SCV  
  48  8:48  Missile Turret  
  48  8:49  SCV  
  48  8:53  Missile Turret  
  49  9:00  SCV  
  49  9:01  SCV, Hellion x2  
  54  9:06  Unknown  
  52  9:12  SCV  
  52  9:13  SCV  
  54  9:24  SCV  
  55  9:25  SCV  
  55  9:26  Missile Turret  
  56  9:36  SCV  
  56  9:38  SCV  
  57  9:48  SCV  
  57  9:50  SCV  
  59  9:53  Supply Depot  
  59  9:56  Supply Depot  
  59  10:00  SCV  
  59  10:02  SCV  
  57  10:12  SCV  
  52  10:14  SCV  
  52  10:15  Hellion x2  
  52  10:16  Cloaking Field  
  62  10:24  SCV  
  62  10:26  SCV  
  62  10:28  Medivac  
  63  10:31  Missile Turret  
  63  10:32  Missile Turret  
  61  10:36  SCV  
  61  10:43  SCV  
  61  10:48  SCV  
  61  10:49  Missile Turret, Unknown  
  63  10:51  Hellion x2  
  63  10:55  SCV, Armory  
  68  11:01  SCV  
  69  11:07  SCV  
  69  11:15  Hellion x2  
  69  11:16  SCV  
  69  11:18  Refinery, Unknown  
  74  11:19  Supply Depot  
  74  11:22  Nuke  
  74  11:24  Supply Depot  
  71  11:35  SCV x2  
  73  11:43  Refinery  
  73  11:44  Missile Turret  
  73  11:45  Missile Turret, Hellion x2  
  73  11:46  Unknown  
  75  11:56  SCV  
  75  11:57  SCV  
  75  11:59  Terran Vehicle And Ship Armor Level 1  
  79  12:08  Missile Turret  
  79  12:15  Hellion x2  
  83  12:23  Unknown  
  83  12:36  Hellion  
  87  12:43  Missile Turret  
  87  12:44  Command Center  
  87  12:47  Hellion  
  89  12:51  Missile Turret, Refinery  
  89  12:56  SCV  
  89  12:58  Hellion, Unknown  
  82  13:10  Hellion  
  82  13:15  Banshee  
  82  13:19  Hellion  
  87  13:21  SCV x2, Hyperflight Rotors  
  89  13:37  Hellion  
  89  13:39  Unknown  
  89  13:40  Hellion  
  93  13:55  SCV  
  93  13:58  Banshee  
  93  13:59  Supply Depot  
  93  14:02  Supply Depot  
  95  14:12  Refinery, Hellion  
  95  14:15  Missile Turret x2  
  95  14:16  Missile Turret  
  99  14:17  Starport, Refinery  
  99  14:18  Missile Turret  
  99  14:21  SCV  
  100  14:26  Orbital Command  
  100  14:31  SCV  
  101  14:33  SCV  
  102  14:40  Unknown  
  102  14:41  Banshee  
  102  14:43  SCV  
  108  14:47  Hellion  
  109  14:53  Hellion  
  111  15:08  SCV x2, Hellion, Unknown  
  114  15:24  Command Center  
  100  15:39  Hellion  
  100  15:40  Hellion  
  100  15:54  SCV x2  
  96  16:06  SCV x2, Unknown, Nuke  
  98  16:18  SCV  
  101  16:22  Hellion x2  
  105  16:32  SCV x2  
  107  16:38  SCV  
  111  16:41  Unknown  
Show
View Real Time Build Order
Export as new Build Order

Pinky Terran 

Build Orders:  

Get SALT Encoding   

  12  0:01  SCV  
  13  0:14  SCV  
  13  0:19  Supply Depot  
  14  0:36  SCV  
  14  0:42  Barracks  
  15  0:46  Refinery  
  15  0:59  Barracks  
  15  1:03  SCV  
  16  1:18  Refinery  
  16  1:20  SCV  
  17  1:33  Reaper  
  17  1:36  Orbital Command  
  18  1:46  Reaper  
  19  2:02  Supply Depot  
  19  2:03  SCV  
  19  2:05  Reaper  
  21  2:15  SCV  
  22  2:18  Reaper  
  23  2:43  Reaper  
  24  2:46  SCV  
  24  2:49  Factory  
  24  2:50  Reaper  
  26  2:58  SCV, Supply Depot  
  27  3:16  Reaper  
  24  3:23  Reaper  
  24  3:24  SCV  
  24  3:43  SCV  
  24  3:45  Hellion  
  24  3:48  Starport, Reaper  
  24  3:55  SCV, Reaper  
  23  4:07  SCV  
  23  4:19  SCV  
  23  4:21  Factory Tech Lab  
  24  4:29  Fusion Core  
  24  4:31  SCV  
  24  4:41  Cyclone  
  24  4:43  SCV  
  24  4:44  Starport Tech Lab  
  28  4:55  SCV  
  29  5:07  SCV  
  30  5:19  Hellion  
  32  5:39  Battlecruiser  
  38  5:58  Hellion  
  39  6:19  Command Center  
  39  6:34  Supply Depot  
  39  6:56  Hellion  
  39  7:17  Hellion  
  39  7:18  SCV  
  38  7:30  SCV  
  36  7:50  Battlecruiser  
  40  7:51  Hellion  
  38  8:00  SCV  
  38  8:02  Orbital Command  
  35  8:12  Hellion  
  35  8:22  SCV  
  36  8:28  Weapon Refit  
  36  8:30  SCV  
  34  8:34  SCV  
  34  8:42  SCV  
  34  8:43  Refinery  
  34  8:44  Mag-Field Accelerator  
  34  8:46  SCV  
  34  8:48  Refinery  
  36  8:58  SCV  
  37  9:10  SCV  
  38  9:19  Battlecruiser  
  44  9:25  SCV x2  
  44  9:28  Engineering Bay  
  46  9:37  SCV  
  47  9:43  SCV  
  48  9:49  SCV  
  49  9:56  SCV  
  49  10:01  SCV  
  44  10:13  SCV x2  
  43  10:25  SCV  
  43  10:28  Battlecruiser  
  50  10:34  Missile Turret  
  50  10:35  Missile Turret  
  50  10:39  SCV  
  51  10:47  SCV  
  46  10:51  SCV  
  47  10:58  Siege Tank  
  47  11:03  Marine  
  50  11:29  SCV  
  40  11:43  Battlecruiser  
  46  11:48  SCV x2  
  48  12:00  SCV x2  
  50  12:12  SCV x2  
  52  12:17  Cyclone  
  55  12:24  SCV  
  56  12:32  Command Center  
  56  12:43  SCV x2  
  58  12:47  Raven  
  60  12:55  SCV x2  
  62  13:03  Cyclone  
  62  13:09  SCV x2  
  57  13:21  SCV x2  
  59  13:33  SCV  
  60  13:44  Cyclone, Battlecruiser  
  67  14:01  Refinery  
  66  14:03  Orbital Command  
  66  14:04  SCV  
  66  14:05  SCV  
  68  14:16  Cyclone  
  68  14:17  SCV x2  
  73  14:21  Missile Turret  
  73  14:25  Barracks Tech Lab  
  73  14:28  Factory x2  
  73  14:29  SCV, Supply Depot  
  73  14:31  SCV x2  
  76  14:35  Supply Depot, Missile Turret  
  76  14:44  SCV  
  77  14:51  SCV x2, Cyclone  
  82  14:56  SCV  
  79  15:03  SCV  
  79  15:04  SCV  
  81  15:08  SCV  
  51  16:03  Cyclone  
  32  16:12  Orbital Command  
  28  16:47  Factory Tech Lab  
Tags
 
Add a new tag
Caveats
  • Supply blocks, unpowered buildings, or Contaminate may cause inaccurate times.
  • Supply counts are checked every 10 seconds.